 Dungeon Crawl Stone Soup version 0.28.0-47-ge53b351184 (webtiles) character file.

Game seed: 17253530880597925170

29 NinjaNoafa the Skirmisher (level 3, -1/33 HPs)
             Began as a Minotaur Monk on Apr 26, 2022.
             Slain by a gnoll
             ... wielding a +0 flail
              (5 damage)
             ... on level 2 of the Dungeon on Apr 27, 2022.
             The game lasted 00:02:04 (1460 turns).

NinjaNoafa the Skirmisher (Minotaur Monk)           Turns: 1460, Time: 00:02:04

Health: -1/33      AC:  6    Str: 17    XL:     3   Next: 1%
Magic:  2/2        EV: 10    Int:  7    God:
Gold:   59         SH:  0    Dex: 12    Spells: 2/2 levels left

rFire   . . .      SeeInvis .   a - +0 mace
rCold   + . .      Faith    .   (no shield)
rNeg    . . .      Spirit   .   i - +0 scale mail
rPois   .          Reflect  .   (helmet restricted)
rElec   .          Harm     .   (no cloak)
rCorr   .          Rampage  .   (no gloves)
Will    .....                   (no boots)
Stlth   ..........              (no amulet)
HPRegen 0.11/turn               c - ring of protection from cold
MPRegen 0.08/turn               (no ring)

@: no status effects
A: horns 2, retaliatory headbutt
a: no special abilities


You were on level 2 of the Dungeon.
You visited 1 branch of the dungeon, and saw 2 of its levels.

You collected 59 gold pieces.

Inventory:

Hand Weapons
 a - a +0 mace (weapon)
Armour
 b - a +0 robe
 e - a +0 leather armour
 i - a +0 scale mail (worn)
Jewellery
 c - a ring of protection from cold (left hand)
 j - a ring of wizardry
Scrolls
 d - a scroll of teleportation {unknown}
 f - a scroll of immolation {unknown}
 g - 2 scrolls of enchant weapon {unknown}
 h - a scroll of fear {unknown}
 k - a scroll of identify {unknown}
 l - a scroll of magic mapping {unknown}


   Skills:
 + Level 4.2 Fighting
 + Level 4.1 Maces & Flails
 + Level 1.7 Armour
 - Level 3.2 Dodging
 - Level 1.5 Stealth


You had 2 spell levels left.
You didn't know any spells.
Your spell library contained the following spells:

 Spells                   Type           Power      Damage    Failure   Level
 Ensorcelled Hibernation  Hex/Ice        0%         N/A       94%         2
 Passwall                 Tmut/Erth      0%         N/A       94%         2
 Swiftness                Air            0%         N/A       99%         3


Dungeon Overview and Level Annotations

Branches:
Dungeon (2/15)

Altars:


Innate Abilities, Weirdness & Mutations

You have a pair of horns on your head.
You reflexively headbutt those who attack you in melee.


Message History

Found a stone staircase leading up.
Found a stone staircase leading down.
Found a stone staircase leading up.
There is a stone staircase leading up here.
You pick up a book of Burglary and begin reading...
You add the spells Passwall, Ensorcelled Hibernation and Swiftness to your library.
Found a leather armour.
l - a scroll labelled NITREUSIMP You see here a +0 leather armour.
A gnoll comes into view. It is wielding a +0 flail.
The gnoll shouts!
A gnoll is nearby!
A gnoll is nearby!
A gnoll comes into view. It is wielding a +0 halberd.
A gnoll comes into view. It is wielding a +0 whip.
The gnoll shouts!
The gnoll hits you with a +0 flail.
Okay, then.
You're already wearing that ring!
Okay, then.
You remove your ring of wizardry.
Unknown command.
Okay, then.
You hit the gnoll.
The gnoll is lightly wounded.
The gnoll completely misses you. The gnoll hits you with a +0 whip.
The gnoll misses you. The gnoll hits you with a +0 flail!
The gnoll hits you with a +0 flail. The gnoll closely misses you.
The gnoll throws a throwing net.
The throwing net hits you.
You become entangled in the net!
You see here a throwing net.
You struggle against the net.
You struggle against the net.
The gnoll hits you with a +0 flail.
You tear a large gash into the net.
The gnoll hits you with a +0 flail.
The gnoll hits you from afar with a +0 halberd!
* * * LOW HITPOINT WARNING * * *
You shred the net and break free! The gnoll hits you with a +0 flail.
You die...

## #.##.######## #.#
#.# ######.##.####
#.# #.#
#>...........# #.#
#.#
##......##.##.####
#.# #.#
####.......##.......#
#.###.#
#..........##.####..#
#.##...
#.##.......##.#
#.#####.#..#.
#.###†....###.#
#............ #.#
#..>..# #@#
#########.###
##.###.#.#.#
#g####.........#
###...##.#.#.#
#gg....#####...#
.........#.#.#
##.#.##.# ##..#
###...####.#.# #.# #
#.<# ##.#####.#.# #.#
#.... #.......... ...
... ##.......## #.#
#.####.## #..


You could see 3 gnolls.

Vanquished Creatures
  A worm (D:2)
  A ball python (D:1)
  A bat (D:1)
  2 endoplasms (D:1)
  2 goblins (D:1)
  A hobgoblin (D:1)
  3 kobolds
  5 quokkas (D:1)
  2 frilled lizards (D:1)
  5 rats
23 creatures vanquished.

Notes
Turn   | Place    | Note
-------+----------+-------------------------------------------
     0 | D:1      | NinjaNoafa the Minotaur Monk began the quest for the Orb.
     0 | D:1      | Reached XP level 1. HP: 19/19 MP: 0/0
   368 | D:1      | Reached skill level 1 in Armour
   368 | D:1      | Reached XP level 2. HP: 27/27 MP: 1/1
  1319 | D:2      | Reached XP level 3. HP: 29/33 MP: 2/2
  1460 | D:2      | Slain by a gnoll

Illustrated notes

Levels and vault maps discovered:
D:1:      sevenhm_arrival_forest_fort_small_3, layout_loops_corners,
          minmay_pentomino_p4
D:2:      layout_loops_ring, shapermc_ecumenical_altar_rom_forum,
          serial_co_window_serial, co_window_corner_a, co_window_paths_a,
          co_window_corner_a, co_window_of_opportunity_a, co_window_corner_a,
          co_window_corner_b, co_window_of_opportunity_b, co_window_corner_b,
          co_window_4corner_b, glass_columns_b

Skill      XL: |  1  2 |
---------------+-------+-----
Armour         | 1 |  1.7
Maces & Flails | 4 |  4.1
Fighting       | 4 |  4.2
Dodging        | |  3.2
Stealth        | |  1.5

Action                   || total
-------------------------++-------
Melee: Mace              ||    52
       Headbutt          ||    10
       Punch             ||     1
Armor: Robe              ||     5
       Scale mail        ||    11
       Leather armour    ||     1
Dodge: Dodged            ||    33
